 Dungeon Crawl Stone Soup version 0.31.0-32-g396128a36d (webtiles) character file.

Game seed: 4434070687446388893

214 firemarshallily the Vexing (level 5, 0/31 HPs)
             Began as an Octopode Hexslinger on Mar 13, 2024.
             Was a Believer of Hepliaklqana.
             Slain by an orc
             ... wielding a +0 whip
              (6 damage)
             ... on level 3 of the Dungeon.
             The game lasted 00:06:53 (1960 turns).

firemarshallily the Vexing (Octopode Hexslinger)    Turns: 1960, Time: 00:06:54

Health: 0/31       AC:  1    Str: 13    XL:     5   Next: 91%
Magic:  9/9        EV: 13    Int: 17    God:    Hepliaklqana [**....]
Gold:   112        SH:  0    Dex: 15    Spells: 8/10 levels left

rFire   . . .        a - +1 sling
rCold   . . .        (no shield)
rNeg    . . .        (helmet restricted)
rPois   .            (no amulet)
rElec   .            m - +6 ring of strength
rCorr   .            (no ring)
SInv    .            (no ring)
Will    .....        (no ring)
Stlth   ++           (no ring)
HPRegen 0.25/turn    (no ring)
MPRegen 0.11/turn    (no ring)
                     (no ring)

%: no passive effects
@: no status effects
A: reduced essence, almost no armour, amphibious, 8 rings, camouflage 1,
gelatinous body 1, (nimble swimmer 1), tentacles
a: Renounce Religion, Recall Ancestor, Ancestor Identity


You were on level 3 of the Dungeon.
You worshipped Hepliaklqana.
Hepliaklqana was pleased with you.
You visited 1 branch of the dungeon, and saw 4 of its levels.

You collected 112 gold pieces.

Inventory:

Hand Weapons
 a - a +1 sling (weapon)
Armour
 d - a +0 buckler
Jewellery
 m - a +6 ring of strength (left tentacle)
Wands
 j - a wand of paralysis (5)
Scrolls
 b - a scroll of poison
 c - 2 scrolls of identify {unknown}
 g - a scroll of blinking {unknown}
 h - 2 scrolls of teleportation {unknown}
 i - a scroll of silence {unknown}
 n - a scroll of immolation {unknown}
Potions
 e - a potion of lignification
 f - 3 potions of enlightenment {unknown}
 k - a potion of cancellation {unknown}
 l - a potion of haste {unknown}
 o - a potion of curing {unknown}


   Skills:
 + Level 2.5 Fighting
 + Level 3.1 Ranged Weapons
 - Level 2.6 Dodging
 + Level 3.0 Spellcasting
 + Level 3.7 Hexes
 - Level 1.0 Fire Magic


You had 8 spell levels left.
You knew the following spells:

 Your Spells              Type           Power      Damage    Failure   Level
a - Jinxbite              Hex            30%        N/A       5%          2

Your spell library contained the following spells:

 Spells                   Type           Power      Damage    Failure   Level
 Sigil of Binding         Hex            15%        N/A       11%         3
 Inner Flame              Hex/Fire       10%        N/A       21%         3
 Cause Fear               Hex            7%         N/A       36%         4
 Frozen Ramparts          Ice            4%         1d1       45%         3
 Dimensional Bullseye     Hex/Tloc       4%         N/A       63%         4
 Leda's Liquefaction      Alch/Erth      1%         N/A       86%         4
 Petrify                  Alch/Erth      2%         N/A       86%         4
 Metabolic Englaciation   Hex/Ice        4%         N/A       92%         5
 Summon Mana Viper        Hex/Summ       8%         N/A       92%         5
 Summon Forest            Summ/Tloc      1%         N/A       99%         5
 Summon Cactus Giant      Summ           1%         N/A       100%        6


Dungeon Overview and Level Annotations

Branches:
Dungeon (4/15)
 Temple: D:4-7

Altars:
Hepliaklqana
Ru


Innate Abilities, Weirdness & Mutations

Your life essence is reduced to manifest your ancestor. (-10% HP)
You cannot wear most types of armour.
You are amphibious.
You can wear up to eight rings at the same time.
Your skin changes colour to match your surroundings (Stealth+).
Your rubbery body absorbs attacks. (AC +1, EV +1)
((You are camouflaged when in or above water. (Stealth+)))
You have tentacles for arms and can constrict up to eight enemies at once.


Message History

The ball python completely misses you. The orc misses you.
An orc comes into view. It is wielding a +0 war axe.
There is a stone staircase leading up, spattered with blood here.
Fire: a) +1 sling
Press: ? - help, Q - select action, (/) - cycle Shift-Dir - straight line, f - orc priest
Aim: an orc priest, wielding a +0 short sword and wearing a +0 leather armour (59% to hit)
You shoot a sling bullet.
The sling bullet closely misses the ball python.
The sling bullet hits the orc priest.
The orc priest is lightly wounded.
Maria closely misses the ball python.
The ball python bites you. The ball python grabs you.
The ball python constricts you. The orc barely misses you.
Fire: a) +1 sling
Press: ? - help, Q - select action, (/) - cycle Shift-Dir - straight line, f/p - orc priest
Aim: an orc priest, wielding a +0 short sword and wearing a +0 leather armour (lightly wounded, 59% to hit)
You shoot a sling bullet. The sling bullet hits the ball python.
The ball python is severely wounded.
The ball python bites you. The ball python constricts you.
The orc hits you with a +0 whip.
Maria closely misses the ball python.
The ball python closely misses you. The ball python constricts you.
You escape the ball python's grasp.
The orc hits you with a +0 whip.
Maria hits the ball python with a +0 flail!
The ball python dies!
You climb upwards.
There is a stone staircase leading down here.
You shoot a sling bullet. The sling bullet hits the orc.
The orc is heavily wounded.
The orc hits you with a +0 whip.
* * * LOW HITPOINT WARNING * * *
You shoot a sling bullet.
The sling bullet hits the orc but does no damage.
The orc is heavily wounded.
The orc barely misses you.
Maria completely misses the orc.
The orc hits you with a +0 whip.
* * * LOW HITPOINT WARNING * * *
You shoot a sling bullet. The sling bullet hits the orc.
The orc is severely wounded.
Maria barely misses the orc.
The orc hits you with a +0 whip.
You die...

'.......# #.##.# #.#.
........###.##.### #.#.
#......###.......#### #.#.
###..<## #....##[...## ###...
###.####....##.....## #...[.
#.÷(......#.......# ##<#..#
#.####............#####..#..#
#.R######..........†....##..#
##...# ####@o........#......
###.#### #..R....###########
#....###..>....####
##.....##.....>....##### #
#.....[.##.....###.....####
#.......###...## #####..##<
#.......# ##### ##....
##.....## ##### ##.....##


You could see the friendly Maria the knight and an orc (ally target).

Vanquished Creatures
  An orc wizard (D:3)
  Natasha (twice) (D:3)
  3 adders
  4 dart slugs
  3 orcs
  A ball python (D:2)
  5 bats
  8 endoplasms
  3 giant cockroaches
  3 goblins
  5 hobgoblins
  5 jackals
  4 quokkas
  3 frilled lizards
  2 kobolds
  6 rats
58 creatures vanquished.

Vanquished Creatures (collateral kills)
  Natasha (D:3)
  A ribbon worm (D:3)
  A dart slug (D:3)
  2 orcs
  2 ball pythons
  An endoplasm (D:1)
  A hobgoblin (D:1)
  A jackal (D:3)
  A quokka (D:2)
  A frilled lizard (D:1)
12 creatures vanquished.

Vanquished Creatures (others)
  An ancestor (D:3)
1 creature vanquished.

Grand Total: 71 creatures vanquished

Notes
Turn   | Place    | Note
-------+----------+-------------------------------------------
     0 | D:1      | firemarshallily the Octopode Hexslinger began the quest for
                  | the Orb.
     0 | D:1      | Reached XP level 1. HP: 13/13 MP: 2/2
   169 | D:1      | Reached XP level 2. HP: 18/18 MP: 3/3
   172 | D:1      | Learned a level 2 spell: Jinxbite
   432 | D:1      | Reached XP level 3. HP: 17/23 MP: 5/5
   467 | D:1      | Found a faded altar of an unknown god.
   470 | D:1      | Prayed at the altar of an unknown god.
   470 | D:1      | Became a worshipper of Hepliaklqana the Forgotten
   470 | D:1      | Reached * piety under Hepliaklqana
  1111 | D:2      | Reached XP level 4. HP: 26/26 MP: 7/7
  1453 | D:3      | Found a sacrificial altar of Ru.
  1506 | D:3      | Noticed Natasha
  1512 | D:3      | Killed Natasha
  1513 | D:3      | Reached XP level 5. HP: 30/30 MP: 8/8
  1626 | D:3      | Reached ** piety under Hepliaklqana
  1627 | D:3      | Remembered your ancestor Maria as a knight
  1739 | D:3      | Noticed Natasha
  1746 | D:3      | Killed Natasha
  1762 | D:3      | Noticed Natasha
  1765 | D:3      | Killed Natasha
  1960 | D:3      | Slain by an orc

Illustrated notes

Levels and vault maps discovered:
D:1:      dpeg_arrival_rhombi, layout_loops_cross,
          hellmonk_ecumenical_altar_heavens_door
D:2:      layout_basic
D:3:      layout_rooms, nicolae_ru_great_annihilating_truth, uniq_natasha
D:4:      layout_basic, nicolae_overflow_crystal_walls,
          chequers_ossuary_entry_cave, uniq_duvessa

Skill      XL: |  1  2  3  4  5 |
---------------+----------------+-----
Spellcasting   | 2 3 |  3.0
Fighting       | 2 |  2.5
Ranged Weapons | 3 |  3.1
Dodging        | |  2.6
Hexes          | |  3.7
Fire Magic     | |  1.0

Action                     |  1- 3 |  4- 6 || total
---------------------------+-------+-------++-------
   Fire: Sling             |    86 |    97 ||   183
   Cast: Jinxbite          |     1 |       ||     1
 Invoke: Ancestor Identity |     1 |       ||     1
         Recall Ancestor   |       |     1 ||     1
         Ancestor Life: Kn |       |     1 ||     1
    Use: Potion            |       |     1 ||     1
 Armour: Skin              |    12 |    33 ||    45
  Dodge: Dodged            |    19 |    18 ||    37
